AoeStats
← ThunderboltX

Arabia

510169527Analyzed
1v1 RM · 3d ago on Sep 29, 2026· 42m 2s· 2 players
Game mode
Random Map
Map size
Tiny (2 player)
Population
200
Speed
Normal
Resources
Standard
Victory
Conquest
Starting age
Dark Age
Ending age
Imperial Age
RankedLock teamsTeams togetherTeam positionsShared explorationLock speedFull tech treeHidden civsTurbo modeCheats
Victory
Defeat
🇳🇴 Wei · Norway
2931
+1
🇧🇬 Mapuche · Bulgaria
2366
-1
TAG_MbL_
6:55 Loom
9:10 Feudal Age
9:44 Double-Bit Axe
9:52 Horse Collar
19:57 Castle Age
18:45 Forging
18:27 Fletching
18:37 Gold Mining
19:33 Bloodlines
20:05 Stone Mining
20:50 Bow Saw
21:24 Bodkin Arrow
22:54 Heavy Plow
24:07 Wheelbarrow
24:12 Ballistics
24:51 Padded Archer Armor
27:09 Elite Skirmisher
28:15 Leather Archer Armor
29:27 Husbandry
37:38 Imperial Age
35:55 Thumb Ring
37:21 Hand Cart
37:43 Gold Shaft Mining
37:46 Stone Shaft Mining
38:21 Bracer
39:32 Chemistry
39:29 Parthian Tactics
40:07 Fervor
40:53 Ring Archer Armor
40:57 Town Watch
41:43 Crop Rotation
ThunderboltX
6:04 Loom
8:53 Feudal Age
8:54 Champi Runner
11:06 Double-Bit Axe
18:43 Castle Age
17:07 Fletching
17:00 Horse Collar
18:04 Padded Archer Armor
19:23 Bodkin Arrow
19:41 Bow Saw
23:35 Ballistics
23:17 Gold Mining
24:13 Wheelbarrow
27:07 Leather Archer Armor
28:05 Town Watch
35:42 Elite Skirmisher
37:47 Forging
38:50 Malon
42:14 Imperial Age
41:30 Hand Cart
Connection lost

Rejoining the realm…

Still unreachable

The connection could not be restored.

Session expired

The server has moved on; the page needs a fresh start.